 Dungeon Crawl Stone Soup version 0.32-a0-686-gc880bc2 (webtiles) character file.

Game seed: 17278816010570292577

790 Toastz the Changeling (level 7, -1/60 HPs)
             Began as a Troll Shapeshifter on Mar 12, 2024.
             Was a Follower of Hepliaklqana.
             Slain by an ufetubus (3 damage)
             ... on level 5 of the Dungeon.
             The game lasted 00:06:50 (3010 turns).

Toastz the Changeling (Troll Shapeshifter)          Turns: 3010, Time: 00:06:51

Health: -1/60      AC:  4    Str: 25    XL:     7   Next: 57%
Magic:  6/6        EV: 10    Int:  6    God:    Hepliaklqana [*.....]
Gold:   140        SH:  0    Dex:  9    Spells: 6/6 levels left

rFire   . .          .
                       - Unarmed
rCold   . . .        (no shield)
rNeg    . . .        a - +0 animal skin
rPois   .            (helmet currently unavailable)
rElec   .            (cloak currently unavailable)
rCorr   .            (gloves unavailable)
SInv    .            (boots unavailable)
Will    .....        (no amulet)
Stlth   +            (no ring)
HPRegen 1.10/turn    (no ring)
MPRegen 0.10/turn

%: no passive effects
@: beast-form
A: beast (slay +3), reduced essence, large, unfitting armour, claws 3,
regeneration 1, shaggy fur 1, tough skin 1
a: Begin Untransformation, Renounce Religion, Recall Ancestor, Ancestor Identity


You were on level 5 of the Dungeon.
You worshipped Hepliaklqana.
Hepliaklqana was aware of your devotion.
You were a hulking beast.
You visited 1 branch of the dungeon, and saw 5 of its levels.
You also visited: Sewer.

You collected 210 gold pieces.
You spent 70 gold pieces at shops.

Inventory:

Missiles
 t - a throwing net (quivered)
Armour
 a - a +0 animal skin (worn)
Talismans
 c - a beast talisman (active)
 d - a flux talisman
 f - a maw talisman
Scrolls
 g - a scroll of fog {unknown}
 h - a scroll of enchant armour
 i - 2 scrolls of revelation
 m - a scroll of torment {unknown}
 n - 2 scrolls of teleportation
 p - a scroll of butterflies {unknown}
 s - a scroll of fear {unknown}
 u - a scroll of enchant weapon {unknown}
Potions
 b - 3 potions of lignification
 e - a potion of might {unknown}
 j - 2 potions of heal wounds {unknown}
 k - 2 potions of enlightenment
 l - a potion of haste {unknown}
 o - a potion of cancellation {unknown}
 q - a potion of resistance {unknown}
 r - a potion of curing {unknown}


   Skills:
 + Level 3.1 Fighting
 + Level 3.4 Dodging
 + Level 4.8 Unarmed Combat
 * Level 5.8 Shapeshifting


You had 6 spell levels left.
You didn't know any spells.
Your spell library contained the following spells:

 Spells                   Type           Power      Damage    Failure   Level
 Freeze                   Ice            0%         1d3       45%         1
 Magic Dart               Conj           0%         1d3       45%         1
 Call Imp                 Summ           0%         N/A       58%         2
 Searing Ray              Conj           0%         2d4       58%         2
 Sublimation of Blood     Necr           0%         N/A       58%         2
 Frozen Ramparts          Ice            0%         1d1       83%         3
 Gell's Gravitas          Tloc           0%         N/A       83%         3
 Hailstorm                Conj/Ice       0%         3d5       83%         3
 Teleport Other           Tloc           0%         N/A       83%         3
 Fulminant Prism          Conj/Alch      0%         3d5       99%         4
 Dispersal                Tloc           0%         N/A       100%        6
 Summon Hydra             Summ           0%         N/A       100%        7


Dungeon Overview and Level Annotations

Branches:
Dungeon (5/15)              Sewer (visited)
 Temple: D:4-7

Altars:
Hepliaklqana
Okawaru
Sif Muna
Uskayaw
Zin

Shops:
D:3 ?


Innate Abilities, Weirdness & Mutations

You are a hulking beast.
Your limbs bulge with bestial killing power. (Slay +3)
Your life essence is reduced to manifest your ancestor. (-10% HP)
You are too large for most types of armour.
You have claws for hands.
Your natural rate of healing is unusually fast.
You are covered in fur. (AC +1)
You have tough skin. (AC +1)


Message History

The ufetubus hits you.
Nevvus barely misses the ufetubus.
You closely miss the iguana.
You feel sick.
You are no longer poisoned.
The ufetubus hits you. x2; The orc barely misses you.
The iguana barely misses you.
The ufetubus hits you but does no damage.
The ufetubus closely misses you.
Nevvus hits the ufetubus.
You claw the iguana!
The iguana is almost dead.
The orc hits you but does no damage. The iguana misses you.
The ufetubus hits you. The ufetubus closely misses you.
Nevvus misses the ufetubus.
You closely miss the iguana.
The iguana is almost dead.
The ufetubus barely misses you. The ufetubus closely misses you.
The orc hits you with a +0 club. The iguana bites you!
The ufetubus barely misses you. The ufetubus closely misses you.
You closely miss the iguana.
The iguana is severely wounded.
Nevvus closely misses the ufetubus.
The orc hits you but does no damage. The iguana closely misses you.
The ufetubus hits you. x2
* * * LOW HITPOINT WARNING * * *
You barely miss the iguana.
The iguana is severely wounded.
The ufetubus barely misses you. The ufetubus closely misses you.
Nevvus barely misses the ufetubus.
The orc hits you but does no damage. The iguana bites you.
* * * LOW HITPOINT WARNING * * *
You closely miss the iguana.
The iguana is severely wounded.
The ufetubus hits you.
* * * LOW HITPOINT WARNING * * *
The ufetubus hits you but does no damage.
Nevvus hits the ufetubus.
The orc completely misses you.
The iguana hisses menacingly.
The iguana bites you!
* * * LOW HITPOINT WARNING * * *
The ufetubus hits you.
You die...
Hepliaklqana delivers you to your ancestors.

#... ##....
#........... ......
#........... #......
#.......... .......
#......... ##.......
#.......# ##))......
#.......## ##5ho......
#........####)R)l......
#...>....##..###.......
#....###....## ##.....
#....# ###..# #....
#....# ##.### ###.
#...## #...#### #...#
#<.....### ##...#
#........###


You could see the friendly Nevvus the ancestor, an iguana, an ufetubus (ally
target) and an orc.

Vanquished Creatures
  Sigmund (D:3)
  The ghost of bignoob the Magician, an amateur DjAl of Makhleb (D:4)
  An ice beast (D:5)
  A kobold brigand (Sewer)
  Blork the orc (D:4)
  A gnoll bouda (D:4)
  9 adders
  4 gnolls (D:4)
  A river rat (D:4)
  An ufetubus (D:5)
  3 dart slugs
  2 ribbon worms (Sewer)
  6 orcs
  6 ball pythons
  9 bats
  4 endoplasms
  8 giant cockroaches
  6 hobgoblins
  3 jackals (D:2)
  13 kobolds
  4 quokkas
  3 frilled lizards
  10 goblins
  13 rats
111 creatures vanquished.

Vanquished Creatures (collateral kills)
  An orc (D:5)
1 creature vanquished.

Grand Total: 112 creatures vanquished

Notes
Turn   | Place    | Note
-------+----------+-------------------------------------------
     0 | D:1      | Toastz the Troll Shapeshifter began the quest for the Orb.
     0 | D:1      | Reached XP level 1. HP: 18/18 MP: 0/0
    69 | D:1      | Reached skill level 1 in Fighting
    70 | D:1      | Reached XP level 2. HP: 27/27 MP: 1/1
   273 | D:1      | Reached XP level 3. HP: 33/33 MP: 2/2
   615 | D:2      | Reached XP level 4. HP: 41/41 MP: 3/3
  1088 | D:3      | Found Unamed's Magic Scroll Shoppe.
  1091 | D:3      | Bought a scroll of identify for 28 gold pieces
  1091 | D:3      | Bought a scroll of teleportation for 42 gold pieces
  1211 | D:3      | Noticed Sigmund
  1226 | D:3      | Killed Sigmund
  1227 | D:3      | Reached skill level 4 in Shapeshifting
  1227 | D:3      | Reached XP level 5. HP: 35/49 MP: 4/4
  1227 | D:3      | Reached XP level 6. HP: 40/57 MP: 5/5
  1689 | D:4      | Found a hide-covered altar of Uskayaw.
  1769 | D:4      | Found a hazy altar of Hepliaklqana.
  1793 | D:4      | Became a worshipper of Hepliaklqana the Forgotten
  1912 | D:4      | Found a glowing drain.
  1916 | Sewer    | Entered a sewer
  2353 | D:4      | Reached skill level 5 in Shapeshifting
  2447 | D:4      | Noticed Blork the orc
  2453 | D:4      | Killed Blork the orc
  2454 | D:4      | Reached XP level 7. HP: 49/66 MP: 2/6
  2584 | D:4      | Found a large runed translucent door.
  2584 | D:4      | Found a large runed translucent door.
  2588 | D:4      | Noticed bignoob's ghost (amateur DjAl)
  2602 | D:4      | Killed bignoob's ghost
  2690 | D:4      | Identified the +4 spear "Mosom" {flame, rC++ Dex+2}
  2825 | D:4      | Found a faded altar of an unknown god.
  2825 | D:4      | Found a shimmering blue altar of Sif Muna.
  2842 | D:4      | Found an iron altar of Okawaru.
  2844 | D:4      | Found a faded altar of an unknown god.
  2846 | D:4      | Found a glowing silver altar of Zin.
  2911 | D:5      | Entered Level 5 of the Dungeon
  2974 | D:5      | Reached * piety under Hepliaklqana
  3010 | D:5      | HP: 2/60 [iguana (8)]
  3010 | D:5      | Slain by an ufetubus

Illustrated notes

Levels and vault maps discovered:
D:1:      shiori_arrival_oz, layout_rooms
D:2:      layout_rooms
D:3:      layout_loops_ring, serial_shops, shop, uniq_sigmund
D:4:      layout_loops_cross, chequers_temple_overflow_minitemple,
          nicolae_hepliaklqana_hazy_memory, mainiacjoe_overflow_cross_hatched,
          ebering_ghost_disaster_area, gup_sewer_entry_spiral,
          kennysheep_generic_room_12, uniq_blork_the_orc
D:5:      layout_cave_pods, serial_shops, shop, minmay_divided_ellipse,
          uniq_duvessa

Skill      XL: |  1  2  3  4  5  6  7 |
---------------+----------------------+-----
Fighting       | 1 2 3 |  3.1
Dodging        | 2 3 |  3.4
Unarmed Combat | 4 |  4.8
Shapeshifting  | 4 5 |  5.8

Action                     |  1- 3 |  4- 6 |  7- 9 || total
---------------------------+-------+-------+-------++-------
  Melee: Unarmed           |    86 |   116 |    33 ||   235
         Punch             |       |     3 |       ||     3
 Invoke: Ancestor Identity |       |       |     1 ||     1
    Use: Scroll            |       |     2 |     1 ||     3
   Stab: Sleeping          |     1 |     1 |       ||     2
 Armour: Animal skin       |    72 |    61 |    41 ||   174
  Dodge: Dodged            |    61 |    38 |    28 ||   127

Table legend: (Time is in decaauts)
 A = Elapsed time spent in this place.
 B = Non-inter-level travel time spent in this place.
 C = Inter-level travel time spent in this place.
 D = Time resting spent in this place.
 E = Time spent auto-exploring this place.
 F = Levels seen in this place.
 G = Mean time per level.
                   A        B        C        D        E       F      G
               +--------+--------+--------+--------+--------+-----+--------+
         Total |   2992 |   2920 |     72 |     84 |   2108 |   6 |  498.7 |
       Dungeon |   2688 |   2616 |     72 |     84 |   1914 |   5 |  537.6 |
         Sewer |    304 |    304 |      0 |      0 |    194 |   1 |  304.0 |
               +--------+--------+--------+--------+--------+-----+--------+

Top non-repeatable levels by time:
     D:4: 926 daAuts
     D:3: 700 daAuts
     D:1: 518 daAuts
     D:2: 445 daAuts
   Sewer: 304 daAuts
     D:5: 97 daAuts
